 Dungeon Crawl Stone Soup version 0.30.0-18-gc0e69614cb (webtiles) character file.

Game seed: 16216973743574305701

912 Irreverend the Conjurer (level 7, 0/36 HPs)
             Began as a Deep Elf Conjurer on May 26, 2023.
             Killed by an exploding fulminant prism (25 damage)
             ... on level 4 of the Dungeon.
             The game lasted 00:07:51 (3770 turns).

Irreverend the Conjurer (Deep Elf Conjurer)         Turns: 3770, Time: 00:07:52

Health: 0/36       AC:  2    Str:  4    XL:     7   Next: 82%
Magic:  15/18      EV: 14    Int: 25    God:
Gold:   182        SH:  0    Dex: 13    Spells: 7/18 levels left

rFire   . . .        j - +1 dagger (vamp)
rCold   + . .        (no shield)
rNeg    . . .        a - +0 robe
rPois   .            (no helmet)
rElec   .            (no cloak)
rCorr   .            (no gloves)
SInv    .            (no boots)
Will    .....        s - amulet of magic regeneration
Stlth   ++           v - ring of protection from cold
HPRegen 0.26/turn    (no ring)
MPRegen 0.56/turn

%: no passive effects
@: no status effects
A: no striking features
a: no special abilities


You were on level 4 of the Dungeon.
You visited 1 branch of the dungeon, and saw 4 of its levels.

You collected 182 gold pieces.

Inventory:

Hand Weapons
 j - a +1 vampiric dagger (weapon)
Armour
 a - a +0 robe (worn)
Jewellery
 k - an amulet of reflection
 p - a ring of ice
 s - an amulet of magic regeneration (around neck)
 v - a ring of protection from cold (left hand)
Scrolls
 d - a scroll of immolation {unknown}
 e - 4 scrolls of teleportation {unknown}
 i - 5 scrolls of identify {unknown}
 l - a scroll of noise {unknown}
 n - 2 scrolls of brand weapon {unknown}
 t - a scroll of enchant weapon {unknown}
 u - a scroll of magic mapping {unknown}
Potions
 b - 3 potions of magic
 c - a potion of invisibility {unknown}
 f - 5 potions of curing {unknown}
 g - a potion of flight {unknown}
 h - 2 potions of resistance {unknown}
 m - 2 potions of brilliance {unknown}
 o - a potion of berserk rage {unknown}
 q - 2 potions of lignification {unknown}
 r - a potion of attraction {unknown}


   Skills:
 + Level 5.4 Dodging
 - Level 2.4 Stealth
 + Level 6.1 Spellcasting
 * Level 7.8 Conjurations
 + Level 4.3 Hexes


You had 7 spell levels left.
You knew the following spells:

 Your Spells              Type           Power      Damage    Failure   Level
a - Magic Dart            Conj           100%       1d8       1%          1
b - Searing Ray           Conj           92%        2d7       1%          2
c - Fulminant Prism       Conj/Hex       18%        3d11      6%          4
d - Iskenderun's Mystic   Conj/Tloc      27%        2d7       14%         4

Your spell library contained the following spells:

 Spells                   Type           Power      Damage    Failure   Level
 Dazzling Flash           Conj/Hex       74%        N/A       1%          3


Dungeon Overview and Level Annotations

Branches:
Dungeon (4/15)
 Temple: D:4-7

Altars:


Message History

There is a huge open gate here.
As you open the door, it creaks loudly!
You hear a shout! x8
You hear a shout! x4
You open the large door.
An ogre, 9 orcs and 3 gnolls come into view.
A gnoll is wielding a +2 heavy spear.
The orc shouts! x2; The ogre shouts!
The orc shouts!
An orc comes into view. It is wielding a +0 war axe.
The gnoll hits you from afar with a +0 spear.
The orc moves out of view.
The orc shouts!
Casting: Magic Dart (safe; 1% risk of failure)
Confirm with . or Enter, or press ? or * to list all spells.
Aiming: Fulminant Prism (quite dangerous; 6% risk of failure)
Press: ? - help, Dir - move target You conjure a prism of explosive energy!
The orc shouts!
A fulminant prism comes into view.
The gnoll hits you from afar with a +0 spear!
The orc hits your fulminant prism with a +0 whip.
Your fulminant prism crackles loudly.
The orc attacks as you move away! The orc hits you with a +0 whip.
The orc attacks as you move away! The orc closely misses you.
The orc hits your fulminant prism with a +0 whip.
Your fulminant prism explodes!
The blast of energy engulfs the orc!!
You kill the orc!
The blast of energy engulfs the orc!!
You kill the orc!
The blast of energy engulfs the orc!
You kill the orc!
The blast of energy engulfs the orc!!
You kill the orc!
The blast of energy engulfs the orc!!
You kill the orc!
The blast of energy engulfs the orc!!
You kill the orc!
The blast of energy engulfs you!!
Ouch! That really hurt!
You die...

# ##.....#####...# #.# #.# #
####..............###.#######.###
....................)............
~~~~~~~~~≈~~~~~....~≈≈~≈~~≈~~≈~~~
≈~≈≈≈≈≈≈≈≈≈≈≈≈~....~≈≈≈≈≈≈≈≈≈≈≈≈≈
###~~≈~~~~~~~~~....~~~~~~~~~~~~##
gg#............................#.
..#############''''#############.
#+# #######.@..# #' #
+.....'))..+ #. # #######.)..# #
##))## #


)goo. # OO..go.. # ........... # ............ # #####''###### You could see an
ogre, 2 gnolls and 3 orcs.

Vanquished Creatures
  An ice beast (D:4)
  2 black bears (D:3)
  An ogre (D:4)
  A scorpion (D:4)
  4 hounds (D:4)
  A jelly (D:4)
  An orc priest (D:3)
  Jessica (D:3)
  2 iguanas (D:4)
  9 gnolls
  7 adders
  An ufetubus (D:4)
  3 worms
  3 dart slugs
  10 orcs
  5 endoplasms
  5 giant cockroaches (D:1)
  2 goblins (D:3)
  6 hobgoblins
  17 jackals
  5 kobolds
  A quokka (D:4)
  6 ball pythons
  4 bats
  3 frilled lizards
  3 rats (D:1)
104 creatures vanquished.

Vanquished Creatures (others)
  7 fulminant prisms
7 creatures vanquished.

Grand Total: 111 creatures vanquished

Notes
Turn   | Place    | Note
-------+----------+-------------------------------------------
     0 | D:1      | Irreverend the Deep Elf Conjurer began the quest for the
                  | Orb.
     0 | D:1      | Reached XP level 1. HP: 10/10 MP: 6/6
   208 | D:1      | Reached XP level 2. HP: 14/15 MP: 2/8
   281 | D:1      | Learned a level 2 spell: Searing Ray
   789 | D:2      | Reached skill level 5 in Conjurations
   934 | D:2      | Reached XP level 3. HP: 19/19 MP: 5/10
  1511 | D:3      | Reached XP level 4. HP: 24/24 MP: 7/11
  1516 | D:3      | Learned a level 4 spell: Fulminant Prism
  1549 | D:3      | Noticed Jessica
  1551 | D:3      | Killed Jessica
  2125 | D:3      | Noticed a black bear
  2133 | D:3      | Killed a black bear
  2134 | D:3      | Reached skill level 6 in Conjurations
  2134 | D:3      | Reached skill level 1 in Hexes
  2134 | D:3      | Reached XP level 5. HP: 28/28 MP: 0/13
  2243 | D:3      | Noticed a black bear
  2248 | D:3      | Killed a black bear
  2249 | D:3      | Reached XP level 6. HP: 32/32 MP: 9/15
  2508 | D:3      | Found a faded altar of an unknown god.
  2630 | D:4      | Reached skill level 5 in Spellcasting
  2708 | D:4      | Reached XP level 7. HP: 27/36 MP: 2/16
  2748 | D:4      | Learned a level 4 spell: Iskenderun's Mystic Blast
  2755 | D:4      | Reached skill level 7 in Conjurations
  3104 | D:4      | Reached skill level 5 in Dodging
  3770 | D:4      | Killed by an exploding fulminant prism

Illustrated notes

Levels and vault maps discovered:
D:1:      dpeg_arrival_prison, layout_rooms, chequers_garden
D:2:      wander_river, layout_rooms
D:3:      layout_loops_corners, basic_ecumenical_altar, uniq_jessica
D:4:      lemuel_castle_with_subvaults [lemuel_castle_interior_original],
          layout_loops_ring, enter_ossuary_2, kennysheep_decorative_pillar

Skill      XL: |  1  2  3  4  5  6  7 |
---------------+----------------------+-----
Conjurations   | 5 6 7 |  7.8
Dodging        | 3 4 5 |  5.4
Spellcasting   | 4 5 6 |  6.1
Hexes          | 1 2 3 4 |  4.3
Stealth        | |  2.4

Action                     |  1- 3 |  4- 6 |  7- 9 || total
---------------------------+-------+-------+-------++-------
  Melee: Dagger            |       |     6 |    14 ||    20
   Cast: Magic Dart        |    38 |    22 |    22 ||    82
         Searing Ray       |    13 |    11 |    25 ||    49
         Fulminant Prism   |       |     2 |     5 ||     7
 Armour: Robe              |     4 |     1 |     7 ||    12
  Dodge: Dodged            |     5 |     5 |    22 ||    32
